 Dungeon Crawl Stone Soup version 0.18.1-48-g4cf74bf (webtiles) character file.

149 xDlmao the Conjurer (level 5, -2/25 HPs)
             Began as a Tengu Conjurer on Aug 4, 2016.
             Slain by an orc
             ... wielding a +0 falchion
              (5 damage)
             ... on level 3 of the Dungeon.
             The game lasted 00:24:35 (3713 turns).

xDlmao the Conjurer (Tengu Conjurer)                Turns: 3713, Time: 00:24:35

Health: -2/25      AC:  6    Str: 16    XL:     5   Next: 31%
Magic:  1/10       EV: 13    Int: 21    God:
Gold:   100        SH:  0    Dex: 16    Spells: 2 memorised, 6 levels left

rFire  + . .     SeeInvis .     C - +2 quarterstaff (chaos)
rCold  . . .     Gourm    .     a - +0 robe
rNeg   + . .     Faith    .     (shield currently unavailable)
rPois  .         Spirit   .     (helmet restricted)
rElec  .         Dismiss  .     m - +2 cloak
rCorr  .         Reflect  .     (no gloves)
SustAt .         Harm     .     (boots unavailable)
MR     .....                    (no amulet)
Stlth  ++........               y - ring of positive energy
                                l - ring of wizardry

@: mighty, brilliant, not resistant to hostile enchantments, unstealthy
A: beak, horns 1, talons 3, agile 1, fire resistance 1, frail 1, shaggy fur 1,
strong 1, able to fly 1
a: Fly


You were on level 3 of the Dungeon.
You were hungry.

You visited 1 branch of the dungeon, and saw 3 of its levels.

You collected 100 gold pieces.

Inventory:

Hand Weapons
 e - a +0 club
 h - a +0 dagger
 k - a +0 hunting sling
 o - a +3 dagger of distortion
 u - a +0 whip
 w - a +0 flail
 A - a +0 short sword
 C - a +2 quarterstaff of chaos (weapon)
 F - a cursed -2 mace
Missiles
 g - 25 bolts (quivered)
 p - 39 arrows
 v - 34 stones
Armour
 a - a +0 robe (worn)
 d - a +0 plate armour
 i - a +0 cloak
 m - a +2 cloak (worn)
 x - a +0 chain mail
 D - a +0 cloak
Jewellery
 l - a ring of wizardry (left hand)
 y - a ring of positive energy (right hand)
Scrolls
 n - a scroll of remove curse
Books
 b - a book of Conjurations

   Spells                             Type                      Level
   a - Magic Dart                     Conjuration                  1
   b - Searing Ray                    Conjuration                  2
   c - Dazzling Spray                 Conjuration/Hexes            3
   d - Fulminant Prism                Conjuration/Hexes            4
   e - Iskenderun's Mystic Blast      Conjuration                  4
   f - Iskenderun's Battlesphere      Conjuration/Charms           5
Comestibles
 c - a bread ration


   Skills:
 + Level 0.4 Fighting
 + Level 0.2 Staves
 + Level 2.9 Dodging
 + Level 2.8 Stealth
 + Level 2.7 Spellcasting
 + Level 7.0 Conjurations


You had 6 spell levels left.
You knew the following spells:

 Your Spells              Type           Power        Failure   Level  Hunger
a - Magic Dart            Conj           ####         1%          1    None
b - Searing Ray           Conj           #####.       1%          2    ##.....


Dungeon Overview and Level Annotations

Branches:
Dungeon (3/15)

Altars:
Elyvilon
Vehumet
Zin


Innate Abilities, Weirdness & Mutations

You have a beak for a mouth.
You have claws for feet.
You can fly.
You have a pair of small horns on your head.
You are agile. (Dex +2)
Your flesh is heat resistant.
You are frail (-10% HP).
You are covered in fur (AC +1).
Your muscles are strong. (Str +2)


Message History

Confirm with . or Enter, or press ? or * to list all spells.
You don't know that spell.
Casting: Magic Dart
Confirm with . or Enter, or press ? or * to list all spells.
You don't know that spell.
You sock Natasha!
You kill Natasha!
You hear a faint echoing roar filled with hate and sorrow!
The crimson imp disappears in a puff of smoke!
The giant gecko bites you but does no damage. x2
The orc hits you but does no damage.
You barely miss the orc. The giant gecko bites you.
* * * LOW HITPOINT WARNING * * *
The orc hits you but does no damage.
The giant gecko bites you but does no damage.
You closely miss the orc.
You feel less woody.
Your +2 cloak unmelds from your body.
Your +0 robe unmelds from your body.
The orc hits you with a falchion.
You die...

### ####.. #....
######..#
####......###
###....#...oo@#
##...........l##
###...........###
....<...<.#####
.#..#.....#
...##....##
#..##....#
##.......#
.#.......#


You could see 2 orcs and a giant gecko.

Vanquished Creatures
  Crazy Yiuf (D:2)
  Natasha (D:3)
  An adder (D:3)
  2 oozes (D:2)
  5 worms (D:2)
  A dart slug (D:2)
  2 giant geckos (D:1)
  2 ball pythons
  A giant cockroach (D:1)
  9 goblins
  4 hobgoblins
  4 jackals
  8 kobolds
  A quokka (D:2)
  2 bats (D:2)
  4 giant newts
  10 rats
58 creatures vanquished.

Vanquished Creatures (others)
  An adder (D:2)
1 creature vanquished.

Grand Total: 59 creatures vanquished

Notes
Turn   | Place    | Note
--------------------------------------------------------------
     0 | D:1      | xDlmao the Tengu Conjurer began the quest for the Orb.
     0 | D:1      | Reached XP level 1. HP: 10/10 MP: 4/4
   254 | D:1      | Reached XP level 2. HP: 15/15 MP: 4/6
   641 | D:1      | Reached skill level 6 in Conjurations
  1323 | D:1      | Reached XP level 3. HP: 17/19 MP: 5/7
  1328 | D:1      | Learned a level 2 spell: Searing Ray
  1753 | D:2      | Found a white marble altar of Elyvilon.
  1756 | D:2      | Found a glowing silver altar of Zin.
  1762 | D:2      | Found a radiant altar of Vehumet.
  2197 | D:2      | Reached XP level 4. HP: 24/24 MP: 5/8
  3003 | D:2      | Noticed Crazy Yiuf
  3018 | D:2      | Killed Crazy Yiuf
  3018 | D:2      | Reached skill level 7 in Conjurations
  3469 | D:3      | HP: 1/24 [poisoned by an adder]
  3475 | D:3      | Gained mutation: You can fly. [Tengu growth]
  3475 | D:3      | Reached XP level 5. HP: 18/28 MP: 1/9
  3673 | D:3      | Noticed Natasha
  3696 | D:3      | Gained mutation: Your flesh is heat resistant. [potion of beneficial mutation]
  3700 | D:3      | Gained mutation: You are covered in fur (AC +1). [potion of mutation]
  3700 | D:3      | Gained mutation: Your muscles are strong. (Str +2) [potion of mutation]
  3700 | D:3      | Gained mutation: You are agile. (Dex +2) [potion of mutation]
  3701 | D:3      | Gained mutation: You have a pair of small horns on your head. [potion of mutation]
  3701 | D:3      | Gained mutation: You are frail (-10% HP). [potion of mutation]
  3711 | D:3      | Killed Natasha
  3713 | D:3      | Slain by an orc

Skill      XL: |  1  2  3  4 |
---------------+-------------+-----
Conjurations   | 6 7 |  7.0
Fighting       | |  0.4
Staves         | |  0.2
Dodging        | |  2.9
Stealth        | |  2.8
Spellcasting   | |  2.7

Action                   |  1- 3 |  4- 6 || total
-------------------------+-------+-------++-------
Melee: Club              |    10 |       ||    10
       Unarmed           |     5 |       ||     5
       Peck              |     6 |     3 ||     9
       Kick              |     8 |     5 ||    13
       Dagger            |    24 |    16 ||    40
       Quarterstaff      |       |    24 ||    24
 Cast: Magic Dart        |    57 |    36 ||    93
       Searing Ray       |     6 |    13 ||    19
  Use: Scroll            |     7 |     3 ||    10
       Potion            |       |     8 ||     8
 Stab: Sleeping          |     1 |     2 ||     3
  Eat: Chunk             |     1 |     5 ||     6
       Bread ration      |     1 |       ||     1
Armor: Robe              |    13 |    21 ||    34
       Skin              |       |    44 ||    44
Dodge: Dodged            |    32 |    63 ||    95
